 Dungeon Crawl Stone Soup version 0.30.0-29-ga12c61a403 (webtiles) character file.

Game seed: 1802905154983057230

26 ChadusMaximus the Caller (level 3, 0/24 HPs)
             Began as a Barachi Summoner on June 22, 2023.
             Slain by a quokka (4 damage)
             ... on level 1 of the Dungeon.
             The game lasted 00:00:37 (468 turns).

ChadusMaximus the Caller (Barachi Summoner)          Turns: 468, Time: 00:00:38

Health: 0/24       AC:  2    Str:  9    XL:     3   Next: 8%
Magic:  6/7        EV: 12    Int: 17    God:
Gold:   28         SH:  0    Dex: 12    Spells: 6/7 levels left

rFire   . . .        d - +0 dagger
rCold   . . .        (no shield)
rNeg    . . .        a - +0 robe
rPois   .            (no helmet)
rElec   .            (no cloak)
rCorr   .            (no gloves)
SInv    .            (no boots)
Will    .....        (no amulet)
Stlth   ++           (no ring)
HPRegen 0.24/turn    (no ring)
MPRegen 0.10/turn

%: no passive effects
@: slow
A: amphibious, slowness 1, strong legs 1, +LOS
a: Hop


You were on level 1 of the Dungeon.
You visited 1 branch of the dungeon, and saw 1 of its levels.

You collected 28 gold pieces.

Inventory:

Hand Weapons
 d - a +0 dagger (weapon)
Armour
 a - a +0 robe (worn)
 e - a +0 cloak
Scrolls
 g - a scroll of immolation {unknown}
Potions
 b - a potion of magic
 c - 3 potions of heal wounds {unknown}
 f - a potion of attraction {unknown}


   Skills:
 - Level 2.4 Dodging
 - Level 2.0 Stealth
 + Level 2.7 Spellcasting
 * Level 5.4 Summonings


You had 6 spell levels left.
You knew the following spells:

 Your Spells              Type           Power      Damage    Failure   Level
a - Summon Small Mammal   Summ           80%        N/A       1%          1

Your spell library contained the following spells:

 Spells                   Type           Power      Damage    Failure   Level
 Call Imp                 Summ           40%        N/A       3%          2
 Call Canine Familiar     Summ           20%        N/A       6%          3
 Summon Guardian Golem    Hex/Summ       11%        N/A       19%         3
 Summon Lightning Spire   Summ/Air       11%        N/A       52%         4


Dungeon Overview and Level Annotations

Branches:
Dungeon (1/15)

Altars:


Innate Abilities, Weirdness & Mutations

You are amphibious.
You cover ground slowly.
You can hop short distances.
You have an extended range of vision and can be seen from far away.


Message History

The ball python bites you. The ball python constricts you.
Unknown command.
You hit the ball python.
You kill the ball python!
Your bat closely misses the bat.
The bat closely misses you.
Your rat closely misses the bat.
The bat hits you.
Your bat completely misses the bat.
The bat completely misses your bat.
Unknown command.
A bat is nearby!
A gnoll comes into view. It is wielding a +0 flail.
The gnoll shouts!
Your bat barely misses the bat.
The bat hits you but does no damage. x2
Your rat bites the bat.
A quokka comes into view.
There are monsters nearby!
You hit the bat.
You kill the bat!
Unknown command.
There are monsters nearby!
A goblin comes into view. It is wielding a +0 dagger.
Your bat hits the gnoll but does no damage.
Your bat closely misses the gnoll.
You see here a bat corpse.
You swap places.
Your bat hits the gnoll but does no damage.
Your rat closely misses the gnoll.
There are monsters nearby!
Unknown command.
You completely miss the gnoll. The gnoll hits you with a +0 flail.
Your rat bites the gnoll.
You hit the gnoll. You punch the gnoll.
The gnoll is moderately wounded.
Your bat closely misses the gnoll.
The quokka closely misses you. The gnoll hits you with a +0 flail!
Ouch! That really hurt!
* * * LOW HITPOINT WARNING * * *
Your rat closely misses the gnoll.
The quokka attacks as you move away! The quokka bites you.
You die...

###+########+#
#.............
#.............
#####
#.......b.....
....#
#...†@gg......
....#
#....rr.......
....#
##..####.......
....# #..##
....... ....#
##.## ######
...(# #..#
....# #.##
....# #.# ...##
###.#


You could see a gnoll (ally target), a quokka, a goblin, a friendly bat
(summoned) and a friendly rat (summoned).

Vanquished Creatures
  A dart slug (D:1)
  An endoplasm (D:1)
  2 hobgoblins (D:1)
  A ball python (D:1)
  2 bats (D:1)
  A rat (D:1)
8 creatures vanquished.

Vanquished Creatures (collateral kills)
  A gnoll (D:1)
  A dart slug (D:1)
  A ball python (D:1)
  An endoplasm (D:1)
  A goblin (D:1)
5 creatures vanquished.

Grand Total: 13 creatures vanquished

Notes
Turn   | Place    | Note
-------+----------+-------------------------------------------
     0 | D:1      | ChadusMaximus the Barachi Summoner began the quest for the
                  | Orb.
     0 | D:1      | Reached XP level 1. HP: 13/13 MP: 3/3
    81 | D:1      | Reached XP level 2. HP: 19/19 MP: 5/5
   109 | D:1      | Reached skill level 5 in Summonings
   430 | D:1      | Reached XP level 3. HP: 20/24 MP: 7/7
   468 | D:1      | Slain by a quokka

Illustrated notes

Levels and vault maps discovered:
D:1:      doesnt_arrival_eight_statues, layout_basic, nicolae_grassy_gnolls

Skill      XL: |  1  2 |
---------------+-------+-----
Stealth        | 2 |  2.0
Summonings     | 5 |  5.4
Dodging        | |  2.4
Spellcasting   | |  2.7

Action                     || total
---------------------------++-------
  Melee: Unarmed           ||     4
         Dagger            ||    39
         Punch             ||     1
   Cast: Summon Small Mamm ||     6
   Stab: Sleeping          ||     2
 Armour: Robe              ||     8
  Dodge: Dodged            ||    23
